 Dungeon Crawl Stone Soup version 0.28.0-43-g3370ac3207 (webtiles) character file.

Game seed: 4990134917475019027

13892 pkoi the Destroyer (level 11, -2/64 HPs)
             Began as a Deep Elf Conjurer on Mar 18, 2022.
             Was a Priest of Vehumet.
             Killed from afar by a gargoyle (28 damage)
             ... with a stone arrow
             ... in a volcano.
             The game lasted 00:27:09 (21681 turns).

pkoi the Destroyer (Deep Elf Conjurer)             Turns: 21681, Time: 00:27:10

Health: -2/64      AC:  3    Str: 10    XL:     11   Next: 81%
Magic:  9/26       EV: 16    Int: 28    God:    Vehumet [***...]
Gold:   638        SH:  0    Dex: 13    Spells: 9/28 levels left

rFire   . . .      SeeInvis .   i - +3 dagger
rCold   . . .      Faith    .   (no shield)
rNeg    . . .      Spirit   .   a - +0 robe
rPois   .          Reflect  .   (no helmet)
rElec   .          Harm     .   (no cloak)
rCorr   .          Rampage  .   (no gloves)
Will    +....                   h - +0 pair of boots
Stlth   ++........              (no amulet)
HPRegen 0.20/turn               b - ring of wizardry
MPRegen 0.20/turn               l - +6 ring of strength

@: no status effects
A: no striking features
a: Renounce Religion


You were in a volcano.
You worshipped Vehumet.
Vehumet was most pleased with you.
You visited 3 branches of the dungeon, and saw 13 of its levels.
You also visited: Volcano.

You collected 638 gold pieces.

Inventory:

Hand Weapons
 c - a +0 vampiric dagger
 i - a +3 dagger (weapon)
 o - a +2 dagger of venom
Missiles
 p - 14 poisoned darts
Armour
 a - a +0 robe (worn)
 h - a +0 pair of boots (worn)
Jewellery
 b - a ring of wizardry (left hand)
 l - a +6 ring of strength (right hand)
 x - a ring of resist corrosion
Wands
 g - a wand of paralysis (24)
 n - a wand of acid (6)
 u - a wand of mindburst (8)
 v - a wand of charming (4)
 y - a wand of flame (3)
Scrolls
 e - 7 scrolls of identify
 f - 4 scrolls of teleportation
 k - 4 scrolls of fog
 r - 2 scrolls of silence
 t - 4 scrolls of fear
 w - a scroll of blinking
 z - a scroll of amnesia
Potions
 d - a potion of haste
 j - a potion of resistance
 m - 2 potions of heal wounds
 q - 3 potions of curing
 s - a potion of flight
 A - a potion of brilliance


   Skills:
 - Level 6.0 Fighting
 - Level 9.2 Dodging
 - Level 3.0 Stealth
 + Level 9.4 Spellcasting
 + Level 10.3 Conjurations
 + Level 8.8 Hexes
 + Level 7.5 Translocations
 + Level 4.5 Ice Magic
 + Level 5.9 Poison Magic


You had 9 spell levels left.
You knew the following spells:

 Your Spells              Type           Power      Damage    Failure   Level
a - Magic Dart            Conj           100%       1d8       1%          1
b - Searing Ray           Conj           100%       2d8       1%          2
c - Iskenderun's Mystic   Conj/Tloc      59%        2d12      1%          4
d - Fulminant Prism       Conj/Hex       30%        3d16      1%          4
e - Apportation           Tloc           100%       N/A       1%          1
f - Olgreb's Toxic Radia  Pois           46%        N/A       1%          4
g - Frozen Ramparts       Ice            76%        1d9       1%          3

Your spell library contained the following spells:

 Spells                   Type           Power      Damage    Failure   Level
 Sting                    Tmut/Pois      100%       1d8       1%          1
 Ensorcelled Hibernation  Hex/Ice        100%       N/A       1%          2
 Poisonous Vapours        Pois/Air       58%        N/A       1%          2
 Dazzling Flash           Conj/Hex       100%       N/A       1%          3
 Spider Form              Tmut/Pois      29%        N/A       1%          3
 Corpse Rot               Necr/Air       26%        N/A       2%          2
 Anguish                  Hex/Necr       19%        N/A       2%          4
 Alistair's Intoxication  Tmut/Pois      19%        N/A       14%         5


Dungeon Overview and Level Annotations

Branches:
Dungeon (9/15)             Temple (1/1) D:7            Lair (3/6) D:9
  Swamp (0/4) Lair:2          Orc (0/2) D:9         Volcano (1/1)
  Snake: Lair:2-4    Spider: Lair:2-4

Altars:
Ashenzari
Cheibriados
Dithmenos
Elyvilon
Fedhas
Gozag
Hepliaklqana
Kikubaaqudgha
Makhleb
Nemelex Xobeh
Okawaru
Qazlal
Sif Muna
Trog
Uskayaw
Vehumet
Wu Jian
Xom
Yredelemnul
Zin
The Shining One

Shops:
D:7 ?

Annotations:
D:4 Pargi
D:5 3 runed translucent doors, JuniperTheExplorer's ghost, novice GnFi


Message History

A fulminant prism comes into view.
The molten gargoyle blasts magma at you!
The bolt of magma hits you!!
* * * LOW HITPOINT WARNING * * *
The molten gargoyle blasts magma at you!
The bolt of magma hits you!!
* * * LOW HITPOINT WARNING * * *
Your fulminant prism crackles loudly.
Unknown command.
Your fulminant prism explodes!
The blast of energy engulfs the molten gargoyle!
The molten gargoyle is severely damaged.
Unknown command.
Casting: Fulminant Prism (safe; 1% risk of failure)
Confirm with . or Enter, or press ? or * to list all spells.
You erupt in a blast of force!
The mystic blast hits the molten gargoyle but does no damage.
The molten gargoyle is severely damaged.
Unknown command.
Casting: Iskenderun's Mystic Blast (safe; 1% risk of failure)
Confirm with . or Enter, or press ? or * to list all spells.
You erupt in a blast of force!
The mystic blast hits the molten gargoyle!
You destroy the molten gargoyle!
Vehumet accepts your kill.
You feel your power returning.
You start resting.
A gargoyle comes into view. It is wielding a +2 flail of draining.
A gargoyle is nearby!
A gargoyle is nearby!
A gargoyle is nearby!
A gargoyle is nearby!
A gargoyle is nearby!
A gargoyle is nearby!
Found a scale mail.
A gargoyle comes into view. It is wielding a +0 flail.
Okay, then.
The gargoyle hurls a stone arrow at you.
The stone arrow hits you!!
You die...

..≈≈..§........§≈
§≈...§§≈≈≈≈≈§§..[.§≈≈§
§≈≈≈≈§≈≈≈≈≈§≈§§≈≈≈≈§§≈
≈≈≈≈≈§§≈≈≈≈≈§§≈≈...≈≈≈
≈≈≈[§≈§§9≈§≈≈........
§≈....≈§≈§≈≈$?..9...
.......≈≈≈≈.....#
...............#
#...)...@###
###.....## ###.### ###


You could see 2 gargoyles.

Vanquished Creatures
  2 hydras
  A centaur warrior (D:8)
  A two-headed ogre (D:9)
  Pikel (D:9)
  2 elephants (Lair:3)
  A molten gargoyle (Volcano)
  7 cane toads
  3 komodo dragons
  A rime drake (Lair:1)
  A troll (D:9)
  A meliai zombie (D:7)
  A culicivora (Lair:3)
  Sigmund (D:2)
  8 yaks (Lair:1)
  3 wyverns
  4 water moccasins
  A black bear (D:7)
  An ice beast (D:6)
  4 orc warriors
  A hornet zombie (D:6)
  A necrophage (D:5)
  2 centaurs
  5 ogres
  13 wolves
  2 phantoms (D:4)
  2 kobold brigands
  2 lemures (D:9)
  3 bullfrogs
  A wyvern zombie (D:9)
  A scorpion (D:5)
  A wyvern skeleton (D:7)
  7 wights
  An electric eel (Lair:2)
  A howler monkey (D:8)
  4 hounds
  2 jellies
  3 orc priests
  A centaur skeleton (D:5)
  2 iguanas
  A scorpion zombie (D:5)
  12 orc wizards
  A hound zombie (D:5)
  A hound skeleton (D:4)
  3 howler monkey zombies
  4 gnolls (D:3)
  5 adders
  A shadow imp (D:6)
  3 white imps
  4 worms
  A dart slug (D:1)
  52 orcs
  10 bats
  3 endoplasms
  8 giant cockroaches
  9 hobgoblins
  3 jackals (D:2)
  4 quokkas
  A ball python (D:1)
  2 frilled lizards
  13 goblins
  12 kobolds
  3 rats
  A bush (Lair:1)
256 creatures vanquished.

Vanquished Creatures (others)
  65 fulminant prisms
  31 fungi
  49 plants
145 creatures vanquished.

Grand Total: 401 creatures vanquished

Notes
Turn   | Place    | Note
-------+----------+-------------------------------------------
     0 | D:1      | pkoi the Deep Elf Conjurer began the quest for the Orb.
     0 | D:1      | Reached XP level 1. HP: 10/10 MP: 6/6
   227 | D:1      | Found a faded altar of an unknown god.
   332 | D:1      | Reached XP level 2. HP: 15/15 MP: 6/8
   337 | D:1      | Learned a level 2 spell: Searing Ray
   420 | D:1      | Reached skill level 5 in Conjurations
  1300 | D:2      | Noticed Sigmund
  1312 | D:2      | Killed Sigmund
  1313 | D:2      | Reached skill level 7 in Conjurations
  1313 | D:2      | Reached XP level 3. HP: 6/19 MP: 0/9
  1313 | D:2      | Reached XP level 4. HP: 7/24 MP: 0/10
  1313 | D:2      | Reached XP level 5. HP: 8/28 MP: 0/11
  1531 | D:2      | Learned a level 4 spell: Iskenderun's Mystic Blast
  2017 | D:2      | Noticed an ogre
  2023 | D:2      | Killed an ogre
  2024 | D:2      | Reached skill level 1 in Translocations
  2024 | D:2      | Reached XP level 6. HP: 30/33 MP: 5/12
  2285 | D:2      | Learned a level 4 spell: Fulminant Prism
  2610 | D:2      | Reached skill level 1 in Fighting
  4536 | D:4      | Reached XP level 7. HP: 39/39 MP: 7/13
  4767 | D:4      | Noticed Pargi
  5385 | D:4      | Found an iron altar of Okawaru.
  5406 | D:4      | Reached skill level 8 in Conjurations
  6130 | D:5      | Entered Level 5 of the Dungeon
  6275 | D:5      | Reached skill level 1 in Hexes
  7060 | D:5      | You fall into a shaft and drop 2 floors!
  7097 | D:7      | Found a staircase to the Ecumenical Temple.
  7107 | Temple   | Entered the Ecumenical Temple
  7219 | Temple   | Became a worshipper of Vehumet
  7237 | D:7      | Reached XP level 8. HP: 45/45 MP: 1/15
  7748 | D:7      | Reached skill level 5 in Dodging
  8874 | D:6      | Reached skill level 5 in Spellcasting
  9346 | D:6      | Reached XP level 9. HP: 48/51 MP: 5/18
  9380 | D:6      | Reached * piety under Vehumet
  9380 | D:6      | Offered knowledge of Foxfire by Vehumet.
  9542 | D:6      | Reached skill level 9 in Conjurations
  9542 | D:6      | Reached skill level 5 in Translocations
 10706 | D:5      | Found a runed translucent gate.
 10706 | D:5      | Found a runed translucent gate.
 10706 | D:5      | Found a runed translucent gate.
 10707 | D:5      | Noticed JuniperTheExplorer's ghost (novice GnFi)
 11374 | D:7      | Offered knowledge of Static Discharge by Vehumet.
 11379 | D:7      | Reached skill level 5 in Hexes
 11494 | D:7      | Found Mics's Magic Scroll Boutique.
 11735 | D:7      | Learned a level 1 spell: Apportation
 11740 | D:7      | Learned a level 4 spell: Olgreb's Toxic Radiance
 11771 | D:8      | Reached ** piety under Vehumet
 11996 | D:8      | Found a glowing silver altar of Zin.
 12044 | D:8      | Noticed a centaur warrior
 12061 | D:8      | HP: 1/52 [centaur warrior/arrow (11)]
 12062 | D:8      | Killed a centaur warrior
 13596 | D:9      | Noticed a troll
 13812 | D:9      | Reached XP level 10. HP: 55/58 MP: 11/22
 13971 | D:9      | Offered knowledge of Frozen Ramparts by Vehumet.
 13971 | D:9      | Noticed a two-headed ogre
 13981 | D:9      | Killed a two-headed ogre
 14603 | D:9      | Reached *** piety under Vehumet
 14604 | D:9      | Reached skill level 5 in Fighting
 15422 | D:9      | Learned a level 3 spell: Frozen Ramparts
 15808 | D:9      | Found a staircase to the Lair.
 16019 | D:9      | Noticed Pikel
 16023 | D:9      | Killed Pikel
 16024 | D:9      | Reached skill level 1 in Ice Magic
 16437 | D:9      | Found a staircase to the Orcish Mines.
 16675 | D:9      | Found a shimmering blue altar of Sif Muna.
 16728 | Lair:1   | Entered Level 1 of the Lair of Beasts
 16728 | Lair:1   | Noticed an eight-headed hydra
 16733 | Lair:1   | Killed an eight-headed hydra
 17142 | Lair:1   | Noticed a cane toad
 17151 | Lair:1   | Killed a cane toad
 17449 | Lair:1   | Reached XP level 11. HP: 64/64 MP: 16/25
 18863 | Lair:2   | Reached skill level 5 in Poison Magic
 19207 | Lair:2   | Reached skill level 10 in Conjurations
 19521 | Lair:2   | Noticed a five-headed hydra
 20122 | Lair:2   | Found a staircase to the Swamp.
 20342 | Lair:2   | Killed a five-headed hydra
 21391 | Lair:3   | Noticed a seven-headed hydra
 21398 | Lair:3   | Noticed a seven-headed hydra
 21574 | Lair:3   | Found a dark tunnel.
 21661 | Volcano  | Entered a volcano
 21681 | Volcano  | Killed from afar by a gargoyle

Illustrated notes

Levels and vault maps discovered:
D:1:      mainiacjoe_arrival_reflecting_pool, layout_basic,
          chequers_ecumenical_altar_simple_redux
D:2:      layout_basic, serial_co_window_serial, co_window_of_opportunity_a,
          co_window_paths_a, co_window_paths_a, co_window_corner_a,
          co_window_of_opportunity_a, co_window_paths_b,
          co_window_of_opportunity_a, co_window_unsneaky_path_b,
          co_window_broadway_b, co_window_paths_c, co_window_unsneaky_path_a,
          co_window_corner_ca, co_window_corner_cb, co_window_broadway_c,
          small_statue_intersection, uniq_sigmund
D:3:      layout_basic
D:4:      layout_basic, mainiacjoe_overflow_boulevard, lightli_minifort,
          uniq_pargi
D:5:      layout_basic, gammafunk_ghost_necromancy, minmay_ogre_servants
D:6:      layout_layer_cave, portal_sewer_entry_f, minmay_misc_feat_columns,
          eino_curves_03
D:7:      layout_loops_cross, minmay_temple_entry_slanted, serial_shops,
          kennysheep_mini
D:8:      layout_loops_ring, mainiacjoe_overflow_catwalk
D:9:      layout_basic, kennysheep_orc_sif_temple, david_lair_shrubbed,
          hiddenorc2_lemuel, uniq_pikel
Temple:   mainiacjoe_temple_coin_purse
Lair:1:   layout_cellular_growth, minmay_hedge_maze
Lair:2:   layout_layer_cave, swamp_mist_pool
Lair:3:   layout_regular_city, nicolae_spider_entry_tight_spaces,
          enter_volcano_1, lemuel_oklob_altar
Volcano:  volcano_overflow

Skill      XL: |  1  2  3  4  5  6  7  8  9 10 11 |
---------------+----------------------------------+-----
Conjurations   | 7 8 9 10 | 10.3
Translocations | 1 2 3 4 6 7 |  7.5
Dodging        | 3 4 6 7 8 9 |  9.2
Fighting       | 1 2 3 4 5 6 |  6.0
Hexes          | 2 4 6 7 8 |  8.8
Spellcasting   | 5 6 8 9 |  9.4
Poison Magic   | 2 4 5 |  5.9
Ice Magic      | 2 4 |  4.5
Stealth        | 3 |  3.0

Action                   |  1- 3 |  4- 6 |  7- 9 | 10-12 || total
-------------------------+-------+-------+-------+-------++-------
Melee: Dagger            |     1 |     7 |    28 |     6 ||    42
 Cast: Magic Dart        |    35 |   107 |   104 |    12 ||   258
       Searing Ray       |     2 |     3 |       |       ||     5
       Iskenderun's Myst |       |       |    78 |    91 ||   169
       Fulminant Prism   |       |       |    21 |    45 ||    66
Evoke: Wand              |       |       |     6 |     1 ||     7
  Use: Scroll            |     3 |       |     9 |     8 ||    20
       Potion            |     2 |       |     4 |       ||     6
 Stab: Sleeping          |       |     1 |       |       ||     1
       Paralysed         |       |       |     3 |       ||     3
Armor: Robe              |       |       |     9 |     7 ||    16
Dodge: Dodged            |     2 |    12 |    77 |    51 ||   142
